 Dungeon Crawl Stone Soup version 0.16-a0-4113-g7d8e295 (webtiles) character file.

2794 toofou the Protected (level 9, -3/78 (79) HPs)
             Began as a Minotaur Berserker on Feb 28, 2015.
             Was a High Priest of Trog (penitent).
             Slain by an ogre
             ... wielding a +0 giant spiked club
             ... created by the rage of Trog
              (12 damage)
             ... on level 7 of the Dungeon.
             The game lasted 00:40:07 (8151 turns).

toofou the Protected (Minotaur Berserker)           Turns: 8151, Time: 00:40:07

HP:   -3/78 (79)    AC: 14    Str: 24    XL:     9   Next: 43%
MP:   4/4           EV: 12    Int:  4    God:    Trog [*]
Gold: 347           SH:  0    Dex: 14    Spells: 1 memorised, 4 levels left

rFire  . . .     SeeInvis .     j - +2 war axe (flame)
rCold  . . .     Clarity  .     u - +0 chain mail
rNeg   . . .     SustAb   .     (no shield)
rPois  .         Gourm    .     (helmet restricted)
rElec  .         Spirit   .     (no cloak)
rCorr  .         Warding  .     r - +0 pair of gloves
rMut   .         Stasis   .     l - +0 pair of boots
MR     .....                    (no amulet)
Stlth  ..........               (no ring)
                                p - +3 ring of dexterity

@: not resistant to hostile enchantments, extremely unstealthy
A: retaliatory headbutt, horns 2
a: Burn Spellbooks, Renounce Religion


You were on level 7 of the Dungeon.
You worshipped Trog.
Trog was demanding penance.
You were not hungry.

You visited 2 branches of the dungeon, and saw 8 of its levels.

You collected 347 gold pieces.

Inventory:

Hand weapons
 j - a +2 war axe of flaming (weapon)
 A - a +1 flail of crushing
Armour
 l - a +0 pair of boots (worn)
 r - a +0 pair of gloves (worn)
 u - a +0 chain mail (worn)
Jewellery
 p - a +3 ring of dexterity (left hand)
Magical devices
 a - a wand of disintegration (10)
 v - a wand of polymorph (0)
Scrolls
 h - a scroll of torment {unknown}
 i - a scroll of teleportation
 k - 2 scrolls of fog
 s - a scroll of remove curse
 y - 2 scrolls of recharging
Potions
 e - a potion of curing
 f - 2 potions of might
 g - 3 potions of heal wounds
 m - a potion of mutation {unknown}
 o - a potion of cure mutation
 x - a potion of beneficial mutation {unknown}
 z - a potion of magic {unknown}
Books
 b - a book of Unlife

   Spells                             Type                      Level
   a - Recall                         Summoning/Translocation      3
   b - Animate Dead                   Necromancy                   4
   c - Control Undead                 Necromancy                   4
   d - Cigotuvi's Embrace             Necromancy                   5
   e - Death Channel                  Necromancy                   6
   f - Simulacrum                     Ice/Necromancy               6
   Trog disapproves of the use of such an item.
Comestibles
 c - 3 bread rations
 d - 4 meat rations
 q - 4 beef jerkies


   Skills:
 + Level 7.5 Fighting
   Level 5.6 Long Blades
 + Level 5.8 Maces & Flails
 + Level 9.0 Armour
 * Level 6.8 Dodging
 + Level 2.9 Stealth
 + Level 0.9 Unarmed Combat
 + Level 0.1 Spellcasting
 - Level 0.1 Necromancy


You had 4 spell levels left.
You knew the following spells:

 Your Spells              Type           Power        Failure   Level  Hunger
a - Animate Dead          Necr           N/A          100%        4    #####..


Dungeon Overview and Level Annotations

Branches:
Dungeon (7/15)             Temple (1/1) D:5

Altars:
Ashenzari
Cheibriados
Dithmenos
Elyvilon
Fedhas
Gozag
Kikubaaqudgha
Makhleb
Nemelex Xobeh
Okawaru
Qazlal
Ru
Sif Muna
Trog
Vehumet
Xom
Yredelemnul
Zin
The Shining One

Annotations:
D:7 exclusion: oklob plant, Prince Ribbit


Innate Abilities, Weirdness & Mutations

You reflexively headbutt those who attack you in melee.
You have a pair of horns on your head.


Message History

The polar bear barely misses you.
The polar bear claws you but does no damage.
The polar bear misses you.
You feel better. The ogre closely misses you. You furiously retaliate!
You headbutt the ogre! The black bear bites you.
* * * LOW HITPOINT WARNING * * *
The black bear barely misses you. The black bear claws you.
* * * LOW HITPOINT WARNING * * *
The polar bear bites you!
* * * LOW HITPOINT WARNING * * *
The polar bear claws you but does no damage. x2
The black bear rages.
The ogre rages.
You hear an angry growl.
The ogre closely misses you.
The black bear rages.
You hear an angry growl.
There is an open door here.
The ogre hits you with a giant spiked club!
You die...

...........................##'###
.$....P....................#....#
.................# ##....#.....
.................# +....'.....
......P....).....+ #....#....(
..........^..h...# ###'###+###
............#+####+#####..#......
............[h.#.(....+...#......
...........h#.hO@.....#...#......
............#..#......#...'......
............#..#......##+##......
............#..#......#..).......
............#+###'##+##..........
.................................
...............................).
.......................##+#......
.......................#..#....(.


You could see 2 black bears and an ogre (berserk).

Vanquished Creatures
  Pikel (D:4)
  A troll (D:7)
  Duvessa (D:4)
  The ghost of dysrexia the Scratcher, an average FeTm (D:5)
  A hungry ghost (D:7)
  A water moccasin (D:7)
  An ice beast (D:5)
  2 phantoms
  An orc warrior (D:6)
  An ogre (D:4)
  A centaur (D:7)
  A giant frog (D:6)
  Blork the orc (D:7)
  2 scorpions (D:7)
  3 wights (D:6)
  A crimson imp (D:6)
  2 goliath beetles
  An orc priest (D:5)
  2 hounds
  A centaur skeleton (D:7)
  2 iguanas (D:6)
  A giant frog skeleton (D:4)
  3 orc wizards
  8 worker ants
  Ijyb (D:7)
  Terence (D:2)
  A hound skeleton (D:6)
  12 adders
  2 worms
  An adder skeleton (D:4)
  A giant gecko (D:2)
  12 orcs
  5 ball pythons
  11 bats
  2 bat skeletons (D:5)
  2 bat zombies (D:5)
  8 giant cockroaches
  10 goblins
  14 hobgoblins
  3 jackals (D:7)
  18 kobolds
  2 quokkas (D:6)
  A giant gecko zombie (D:5)
  2 giant newts
  A quokka skeleton (D:5)
  10 rats
  5 ballistomycetes (D:6)
165 creatures vanquished.

Vanquished Creatures (others)
  3 slaves (D:4)
  Dowan (D:4)
  A hobgoblin (D:4)
  A giant newt (D:4)
  2 giant spores
  2 kobolds (D:4)
  A ballistomycete (D:6)
11 creatures vanquished.

Grand Total: 176 creatures vanquished

Notes
Turn   | Place    | Note
--------------------------------------------------------------
     0 | D:1      | toofou, the Minotaur Berserker, began the quest for the Orb.
     0 | D:1      | Reached XP level 1. HP: 19/19 MP: 1/1
   307 | D:1      | Reached skill level 4 in Long Blades
   321 | D:1      | Reached XP level 2. HP: 24/27 MP: 1/1
   419 | D:1      | Found a sparkling altar of Nemelex Xobeh.
   473 | D:1      | Acquired Trog's second power
  1065 | D:1      | Reached XP level 3. HP: 28/33 MP: 2/2
  1345 | D:2      | Noticed Terence
  1352 | D:2      | Killed Terence
  1666 | D:2      | Reached XP level 4. HP: 39/41 MP: 2/2
  2588 | D:3      | Found a shattered altar of Ashenzari.
  2751 | D:3      | Found a snail-covered altar of Cheibriados.
  3454 | D:4      | Noticed a slave
  3455 | D:4      | Noticed Pikel
  3455 | D:4      | Noticed a slave
  3500 | D:4      | Killed Pikel
  3500 | D:4      | Reached skill level 5 in Fighting
  3500 | D:4      | Reached skill level 5 in Long Blades
  3500 | D:4      | Reached XP level 5. HP: 13/48 MP: 2/2
  3500 | D:4      | Reached XP level 6. HP: 15/56 MP: 3/3
  3500 | D:4      | Reached XP level 7. HP: 16/61 MP: 3/3
  3521 | D:4      | Killed Dowan
  3525 | D:4      | Killed a freed slave
  3817 | D:4      | Killed a freed slave
  3877 | D:4      | Noticed a phantom
  3891 | D:4      | Killed a phantom
  3891 | D:4      | Reached skill level 5 in Dodging
  3896 | D:4      | Noticed a freed slave
  3996 | D:4      | Noticed an ogre
  4507 | D:4      | Found a radiant altar of Vehumet.
  4508 | D:4      | Found a stormy altar of Qazlal.
  4547 | D:4      | Killed a freed slave
  4609 | D:4      | Acquired Trog's third power
  4610 | D:4      | Noticed Duvessa
  4630 | D:4      | Killed Duvessa
  4630 | D:4      | Reached skill level 1 in Maces & Flails
  4630 | D:4      | Reached skill level 5 in Armour
  4989 | D:4      | Killed an ogre
  5192 | D:4      | Reached skill level 6 in Armour
  5192 | D:4      | Reached XP level 8. HP: 70/70 MP: 3/3
  5222 | D:5      | Entered Level 5 of the Dungeon
  5286 | D:5      | Found a glowing golden altar of the Shining One.
  5339 | D:5      | Found a sacrificial altar of Ru.
  5380 | D:5      | Noticed dysrexia's ghost (average FeTm)
  5388 | D:5      | Killed dysrexia's ghost
  5763 | D:5      | Found a staircase to the Ecumenical Temple.
  5887 | D:5      | Reached skill level 7 in Armour
  6035 | Temple   | Entered the Ecumenical Temple
  7055 | D:6      | Reached skill level 8 in Armour
  7127 | D:6      | Found a deep blue altar of Sif Muna.
  7357 | D:7      | Reached XP level 9. HP: 54/78 MP: 4/4
  7358 | D:7      | Noticed Ijyb
  7366 | D:7      | Killed Ijyb
  7732 | D:7      | Reached skill level 5 in Maces & Flails
  7742 | D:7      | Was placed under penance by Trog
  7747 | D:7      | Learned a level 4 spell: Animate Dead
  7782 | D:7      | Found a stormy altar of Qazlal.
  7782 | D:7      | Noticed an oklob plant
  7870 | D:7      | Noticed Prince Ribbit
  7904 | D:7      | Found an ancient bone altar of Kikubaaqudgha.
  8065 | D:7      | Noticed a troll
  8078 | D:7      | Killed a troll
  8078 | D:7      | Reached skill level 9 in Armour
  8107 | D:7      | Noticed Blork the orc
  8122 | D:7      | Killed Blork the orc
  8151 | D:7      | Slain by an ogre

Action                   |  1- 3 |  4- 6 |  7- 9 || total
-------------------------+-------+-------+-------++-------
Melee: Falchion          |    90 |    58 |       ||   148
       Flail             |       |    14 |   334 ||   348
       Unarmed           |       |    11 |       ||    11
Invok: Berserk           |       |     1 |     1 ||     2
  Use: Potion            |     2 |     1 |     3 ||     6
       Scroll            |       |     3 |    13 ||    16
 Stab: Sleeping          |     1 |       |       ||     1
  Eat: Bread ration      |     1 |     1 |     4 ||     6
